 Dungeon Crawl Stone Soup version 0.31.0-9-g3a7656b989 (webtiles) character file.

Game seed: 17311862581890193322

117 qw the Skirmisher (level 4, -1/25 HPs)
             Began as a Deep Elf Hunter on Feb 2, 2024.
             Slain by a jelly (2 damage)
             ... on level 3 of the Dungeon.
             The game lasted 00:00:08 (1920 turns).

qw the Skirmisher (Deep Elf Hunter)                 Turns: 1920, Time: 00:00:08

Health: -1/25      AC:  1    Str: 10    XL:     4   Next: 71%
Magic:  6/6        EV: 11    Int: 14    God:
Gold:   103        SH:  0    Dex: 18    Spells: 3/3 levels left

rFire   . . .        a - +0 shortbow
rCold   . . .        (shield currently unavailable)
rNeg    . . .        h - +0 ring mail
rPois   .            (no helmet)
rElec   .            (no cloak)
rCorr   .            (no gloves)
SInv    .            (no boots)
Will    .....        (no amulet)
Stlth   +            (no ring)
HPRegen 0.24/turn    (no ring)
MPRegen 0.10/turn

%: no passive effects
@: about to teleport, corroded
A: no striking features
a: no special abilities


You were on level 3 of the Dungeon.
You visited 1 branch of the dungeon, and saw 3 of its levels.

You collected 103 gold pieces.


   Skills:
 - Level 1.5 Fighting
 + Level 8.1 Ranged Weapons
 - Level 2.4 Dodging
 - Level 1.2 Stealth


You had 3 spell levels left.
You didn't know any spells.
Your spell library was empty.

Inventory:

Hand Weapons
 a - a +0 shortbow (weapon)
Armour
 c - a +0 pair of gloves
 h - a +0 ring mail (worn)
Scrolls
 e - a scroll of revelation {unknown}
Potions
 b - a potion of enlightenment {unknown}
 d - a potion of resistance
 g - a potion of mutation
 i - a potion of curing {unknown}

Dungeon Overview and Level Annotations

Branches:
Dungeon (3/15)

Altars:
Cheibriados
Vehumet
Xom


Message History

The rat closely misses you.
You shoot an arrow. The arrow barely misses the orc.
The orc barely misses you. The rat bites you but does no damage.
Enter note:
Enter note:
1909 ||| RETREEEEATING.
The orc closely misses you.
You shoot an arrow. The arrow hits the orc!
You kill the orc!
The rat barely misses you.
You shoot an arrow. The arrow closely misses the rat.
The rat bites you but does no damage.
You shoot an arrow. The arrow closely misses the orc.
The rat bites you. The orc barely misses you.
You shoot an arrow. The arrow hits the orc.
The orc is moderately wounded.
The orc hits you with a +0 flail. The rat closely misses you.
You shoot an arrow. The arrow barely misses the orc.
The rat closely misses you. The orc hits you with a +0 flail.
The orc closely misses you. The rat bites you but does no damage.
You shoot an arrow. The arrow barely misses the orc.
The orc misses you. The rat misses you.
You shoot an arrow. The arrow barely misses the orc.
The orc barely misses you. The rat barely misses you.
You shoot an arrow. The arrow hits the orc!
You kill the orc!
The orc priest looks braver for a moment.
The rat bites you but does no damage.
You shoot an arrow. The arrow hits the jelly.
The jelly is moderately wounded.
The jelly misses you. The rat barely misses you.
You shoot an arrow. The arrow hits the jelly.
The jelly is moderately wounded.
The jelly hits you. The acid corrodes you!
You are splashed with acid!
The rat bites you.
1920 ||| READING scroll of teleportation.
As you read the scroll of teleportation, it crumbles to dust.
You feel strangely unstable. The jelly hits you.
You die...

... ... .J o. ###o
#o. #J#### ##
#.###r@..# .
...........#.#
.##.######.#.#
###...##.##
#..........
########+..#####..#
#...~...###.####..#.
#._.~._.# ##........
##...~...###.####(.##


You could see a jelly, an orc priest and a rat.

Vanquished Creatures
  Natasha (twice) (D:2)
  An adder (D:3)
  2 dart slugs
  3 orcs (D:3)
  8 ball pythons
  6 bats
  3 endoplasms
  A giant cockroach (D:1)
  2 goblins (D:1)
  A hobgoblin (D:1)
  6 jackals (D:2)
  7 kobolds
  3 quokkas
  A frilled lizard (D:1)
  5 rats
51 creatures vanquished.

Notes
Turn   | Place    | Note
-------+----------+-------------------------------------------
     0 | D:1      | qw the Deep Elf Hunter began the quest for the Orb.
     0 | D:1      | Reached XP level 1. HP: 12/12 MP: 3/3
     0 | D:1      | 0 ||| qw: Version: 0.3-a-155-g5e7d8dd
     0 | D:1      | 0 ||| qw: Game counter: 181
     0 | D:1      | 0 ||| qw: Melee chars always use a shield: true
     0 | D:1      | 0 ||| qw: God list: Okawaru
     0 | D:1      | 0 ||| qw: Allow faded altars: false
     0 | D:1      | 0 ||| qw: Do Orc after clearing Dungeon:15 true
     0 | D:1      | 0 ||| qw: Do second Lair branch before Depths: true
     0 | D:1      | 0 ||| qw: Lair rune preference: random
     0 | D:1      | 0 ||| qw: Goals: Normal
     0 | D:1      | 0 ||| PLANNING D:1-11
    62 | D:1      | Reached XP level 2. HP: 13/16 MP: 4/4
    88 | D:1      | Reached skill level 6 in Ranged Weapons
   897 | D:1      | 897 ||| UPGRADING to +0 scale mail.
   907 | D:1      | 907 ||| DROPPING +0 leather armour.
   908 | D:1      | 908 ||| READING scroll labelled ADAR APTUE.
   908 | D:1      | 908 ||| IDENTIFYING fuming cyan potion
   909 | D:1      | 909 ||| DROPPING scroll of butterflies.
   935 | D:2      | Reached XP level 3. HP: 20/20 MP: 5/5
   953 | D:2      | Noticed Natasha
   957 | D:2      | Killed Natasha
   958 | D:2      | Reached skill level 7 in Ranged Weapons
   986 | D:2      | Found a shimmering altar of Xom.
  1070 | D:2      | Noticed Natasha
  1076 | D:2      | 1076 ||| RETREEEEATING.
  1077 | D:2      | 1077 ||| RETREEEEATING.
  1079 | D:2      | Reached XP level 4. HP: 15/25 MP: 6/6
  1079 | D:2      | 1079 ||| RETREEEEATING.
  1081 | D:2      | 1081 ||| RETREEEEATING.
  1085 | D:2      | HP: 1/25 [Natasha (6)]
  1088 | D:2      | Killed Natasha
  1204 | D:2      | Found a faded altar of an unknown god.
  1572 | D:2      | 1572 ||| UPGRADING to +0 ring mail.
  1582 | D:2      | 1582 ||| DROPPING +0 scale mail.
  1583 | D:2      | 1583 ||| READING 2 scrolls of identify.
  1583 | D:2      | 1583 ||| IDENTIFYING inky potion
  1584 | D:2      | 1584 ||| READING scroll of identify.
  1584 | D:2      | 1584 ||| IDENTIFYING fizzy grey potion
  1585 | D:2      | 1585 ||| READING 4 scrolls labelled LETAPS JISI.
  1586 | D:2      | 1586 ||| READING 2 scrolls labelled YRHEAN ALOU.
  1590 | D:2      | 1590 ||| DROPPING 3 scrolls of blinking.
  1591 | D:2      | 1591 ||| DROPPING potion of attraction.
  1666 | D:3      | Reached skill level 8 in Ranged Weapons
  1877 | D:3      | Found a snail-covered altar of Cheibriados.
  1878 | D:3      | Found a radiant altar of Vehumet.
  1909 | D:3      | 1909 ||| RETREEEEATING.
  1919 | D:3      | HP: 2/25 [acid (9)]
  1920 | D:3      | 1920 ||| READING scroll of teleportation.
  1920 | D:3      | Slain by a jelly

Levels and vault maps discovered:
D:1:      erik_arrival_cave_to_civilisation [erik_arrival_cave_to_hall],
          layout_basic
D:2:      layout_basic, chequers_ecumenical_altar_island, basic_altar,
          uniq_natasha
D:3:      layout_loops_ring, mainiacjoe_overflow_divided_tiny,
          serial_bayou_pond_a

Skill      XL: |  1  2  3  4 |
---------------+-------------+-----
Ranged Weapons | 6 7 8 |  8.1
Fighting       | |  1.5
Dodging        | |  2.4
Stealth        | |  1.2

Action                     |  1- 3 |  4- 6 || total
---------------------------+-------+-------++-------
   Fire: Shortbow          |   103 |    53 ||   156
    Use: Scroll            |     1 |     5 ||     6
 Armour: Leather armour    |    13 |       ||    13
         Scale mail        |    17 |    19 ||    36
         Ring mail         |       |    14 ||    14
  Dodge: Dodged            |    21 |    33 ||    54

Table legend:
 A = Non-vault XP
 B = Vault XP
 C = Vault XP percentage of total XP
 D = Non-vault monster count
 E = Vault monster count
 F = Vault count percentage of total count
                 A         B        C        D         E       F
            +---------+---------+-------+---------+---------+-------
      Total |     134 |      34 |  20.2 |      49 |       2 |   3.9
            +---------+---------+-------+---------+---------+-------
        D:1 |      39 |       1 |   2.5 |      23 |       1 |   4.2
        D:2 |      66 |      33 |  33.3 |      18 |       1 |   5.3
        D:3 |      29 |       0 |   0.0 |       8 |       0 |   0.0
            +---------+---------+-------+---------+---------+-------
